 Dungeon Crawl Stone Soup version 0.30.0-19-g36f170ea60 (webtiles) character file.

Game seed: 6876340483989521338

362 EarthwalkerPL the Covered (level 6, -11/56 HPs)
             Began as a Minotaur Fighter on May 28, 2023.
             Was an Initiate of Okawaru.
             Killed from afar by an acid dragon (25 damage)
             ... with a splash of acid
             ... on level 5 of the Dungeon.
             The game lasted 00:06:47 (4223 turns).

EarthwalkerPL the Covered (Minotaur Fighter)        Turns: 4223, Time: 00:06:47

Health: -11/56     AC:  0    Str: 22    XL:     6   Next: 39%
Magic:  5/5        EV:  9    Int:  5    God:    Okawaru [......]
Gold:   231        SH:  5    Dex: 16    Spells: 5/5 levels left

rFire   . . .        a - +0 war axe
rCold   . . .        c - +0 buckler
rNeg    . . .        b - +0 scale mail
rPois   .            (helmet restricted)
rElec   .            (no cloak)
rCorr   .            (no gloves)
SInv    .            (no boots)
Will    .....        (no amulet) Stlth
                     A - +6 ring of dexterity
HPRegen 0.29/turn    (no ring)
MPRegen 0.09/turn

%: no passive effects
@: corroded
A: horns 2, retaliatory headbutt
a: Renounce Religion


You were on level 5 of the Dungeon.
You worshipped Okawaru.
Okawaru was noncommittal.
You visited 2 branches of the dungeon, and saw 6 of its levels.

You collected 231 gold pieces.

Inventory:

Hand Weapons
 a - a +0 war axe (weapon)
Missiles
 f - 5 silver boomerangs (quivered)
 h - 6 boomerangs
 u - 12 poisoned darts
 v - a throwing net
Armour
 b - a +0 scale mail (worn)
 c - a +0 buckler (worn)
Jewellery
 k - a ring of ice
 A - a +6 ring of dexterity (left hand)
Wands
 p - a wand of charming (7)
 y - a wand of acid (12)
Scrolls
 e - 7 scrolls of identify {unknown}
 i - 5 scrolls of fear {unknown}
 j - a scroll of noise {unknown}
 n - a scroll of torment {unknown}
 o - 3 scrolls of magic mapping {unknown}
 s - a scroll of vulnerability {unknown}
 x - a scroll of silence {unknown}
 B - 2 scrolls of teleportation {unknown}
 C - a scroll of blinking {unknown}
Potions
 d - 4 potions of might
 g - a potion of invisibility {unknown}
 l - a potion of ambrosia {unknown}
 m - a potion of flight {unknown}
 q - 2 potions of curing {unknown}
 r - a potion of magic {unknown}
 t - a potion of haste {unknown}
 w - a potion of heal wounds {unknown}
 z - a potion of lignification {unknown}


   Skills:
 * Level 5.5 Fighting
 * Level 4.8 Axes
 * Level 5.6 Armour
 + Level 4.6 Shields


You had 5 spell levels left.
You didn't know any spells.
Your spell library contained the following spells:

 Spells                   Type           Power      Damage    Failure   Level
 Necrotise                Necr           0%         1d4       85%         1
 Vampiric Draining        Necr           0%         2d6       99%         3
 Agony                    Necr           0%         N/A       100%        5


Dungeon Overview and Level Annotations

Branches:
Dungeon (5/15)             Temple (1/1) D:4

Altars:
Ashenzari
Dithmenos
Elyvilon
Fedhas
Gozag
Hepliaklqana
Makhleb
Nemelex Xobeh
Okawaru
Qazlal
Ru
Sif Muna
Trog
Uskayaw
Vehumet
Wu Jian
Xom
Yredelemnul
Zin


Innate Abilities, Weirdness & Mutations

You have a pair of horns on your head.
You reflexively headbutt those who attack you in melee.


Message History

Okawaru accepts your kill.
You slash the orc!
You kill the orc!
Okawaru accepts your kill.
You slash the orc!
You kill the orc!
Okawaru accepts your kill.
You slash the orc!
You kill the orc!
Okawaru accepts your kill.
No target in view!
No target in view!
Found a scroll labelled BENY INOASS.
You hear the rusting of a distant drain.
h - 6 boomerangs (gained 2)
Items here: ))))) [[ †.
Okay, then.
Found a scroll labelled MELUUDDUSUAMO and a robe.
e - 7 scrolls labelled BENY INOASS (gained 1)
o - 3 scrolls labelled MELUUDDUSUAMO (gained 1)
Found a stone staircase leading down.
Found a scroll labelled RANKOTHR VIGEPP.
B - 2 scrolls labelled RANKOTHR VIGEPP (gained 1)
There is a stone staircase leading down here.
An acid dragon comes into view.
The acid dragon roars!
The acid dragon spits acid at you. The splash of acid hits you!!
The acid corrodes you! The acid dragon spits acid at you.
The splash of acid hits you! The acid corrodes you! The acid dragon bites you!
* * * LOW HITPOINT WARNING * * *
The acid dragon barely misses you.
You are too injured to fight recklessly!
You are too injured to fight recklessly!
You are too injured to fight recklessly!
You closely miss the acid dragon. The acid dragon spits acid at you.
The splash of acid hits you!!
You die...

+....#.##.##
+..8.#.....#
+....####..#
#....# #.##
###### #.#
#.# #.##
######
#..###.D..#
##....@#
#######


You could see an acid dragon (catching breath).

Vanquished Creatures
  A gnoll bouda (D:4)
  A jelly (D:5)
  An orc priest (D:3)
  A hound (D:5)
  An iguana (D:5)
  An orc wizard (D:3)
  7 gnolls (D:4)
  2 adders
  2 worms
  5 dart slugs
  17 orcs
  7 ball pythons
  5 endoplasms
  2 giant cockroaches
  7 goblins
  4 hobgoblins
  5 quokkas
  A bat (D:2)
  2 frilled lizards
  6 kobolds
  8 rats
86 creatures vanquished.

Notes
Turn   | Place    | Note
-------+----------+-------------------------------------------
     0 | D:1      | EarthwalkerPL the Minotaur Fighter began the quest for the
                  | Orb.
     0 | D:1      | Reached XP level 1. HP: 19/19 MP: 0/0
   220 | D:1      | Reached XP level 2. HP: 25/27 MP: 1/1
   695 | D:1      | Found a faded altar of an unknown god.
  1122 | D:2      | Reached XP level 3. HP: 33/33 MP: 2/2
  2101 | D:3      | Identified the +3 ring mail "Foqyusm" {Dex+2}
  2201 | D:3      | Reached XP level 4. HP: 7/41 MP: 3/3
  2423 | D:3      | Found a hide-covered altar of Uskayaw.
  2609 | D:3      | Reached XP level 5. HP: 47/47 MP: 4/4
  2875 | D:4      | Found a staircase to the Ecumenical Temple.
  2881 | Temple   | Entered the Ecumenical Temple
  3291 | D:4      | Found an ornate altar of the Wu Jian Council.
  3301 | D:4      | Reached skill level 5 in Armour
  3308 | D:4      | Reached skill level 5 in Fighting
  3684 | D:4      | Found an iron altar of Okawaru.
  3692 | D:4      | Became a worshipper of Warmaster Okawaru
  3789 | D:4      | Found an opulent altar of Gozag.
  3986 | D:5      | Entered Level 5 of the Dungeon
  3997 | D:5      | Reached XP level 6. HP: 45/56 MP: 5/5
  4026 | D:5      | Found a blossoming altar of Fedhas.
  4073 | D:5      | Found a hazy altar of Hepliaklqana.
  4219 | D:5      | Noticed an acid dragon
  4223 | D:5      | Killed from afar by an acid dragon

Illustrated notes

Levels and vault maps discovered:
D:1:      minmay_arrival_arboretum_small, layout_basic,
          shapermc_ecumenical_altar_hornbeckon, lemuel_flame_loot_1
D:2:      layout_basic
D:3:      layout_loops_ring, mainiacjoe_overflow_catwalk, hangedman_glass_teeth
D:4:      layout_loops_cross, mainiacjoe_overflow_paths,
          okawaru_ov_weapons_minmay, general_overflow_altar,
          minmay_temple_entry_arrows
D:5:      layout_rooms, slow_altar_2, mainiacjoe_overflow_boulevard,
          mainiacjoe_overflow_chevrons, gup_sewer_entry_bubbles,
          mumra_transporter_accident
Temple:   compressed_dpeg_triangle_lava_temple

Skill      XL: |  1  2  3  4  5 |
---------------+----------------+-----
Armour         | 4 5 |  5.6
Axes           | 3 4 |  4.8
Fighting       | 4 5 |  5.5
Shields        | 4 |  4.6

Action                     |  1- 3 |  4- 6 || total
---------------------------+-------+-------++-------
  Melee: War axe           |   100 |   102 ||   202
         Headbutt          |     9 |    16 ||    25
 Armour: Scale mail        |    37 |    48 ||    85
  Dodge: Dodged            |    44 |    46 ||    90
  Block: Buckler           |    15 |    24 ||    39
